 Dungeon Crawl Stone Soup version 0.31.0-32-g396128a36d (webtiles) character file.

Game seed: 11365735307057331989

228 Marvel the Chopper (level 6, -1/53 HPs)
             Began as a Hill Orc Fighter on Mar 14, 2024.
             Slain by a sky beast (5 damage)
             ... on level 4 of the Dungeon.
             The game lasted 00:05:04 (3253 turns).

Marvel the Chopper (Hill Orc Fighter)               Turns: 3253, Time: 00:05:04

Health: -1/53      AC:  9    Str: 21    XL:     6   Next: 2%
Magic:  6/6        EV:  9    Int:  8    God:
Gold:   224        SH:  4    Dex: 10    Spells: 5/5 levels left

rFire   . . .        a - +0 war axe
rCold   . . .        c - +0 buckler
rNeg    . . .        b - +0 scale mail
rPois   .            (no helmet)
rElec   .            h - +0 cloak {Stlth+}
rCorr   .            (no gloves)
SInv    .            o - +0 pair of boots
Will    .....        m - amulet of faith
Stlth   +            (no ring)
HPRegen 0.28/turn    (no ring)
MPRegen 0.10/turn

%: faith
@: no status effects
A: no striking features
a: no special abilities


You were on level 4 of the Dungeon.
You visited 1 branch of the dungeon, and saw 4 of its levels.

You collected 224 gold pieces.

Inventory:

Hand Weapons
 a - a +0 war axe (weapon)
 l - a +1 glaive of venom
Armour
 b - a +0 scale mail (worn)
 c - a +0 buckler (worn)
 h - a +0 cloak of stealth (worn)
 o - a +0 pair of boots (worn)
Jewellery
 m - an amulet of faith (around neck)
Scrolls
 e - 3 scrolls of teleportation {unknown}
 f - 3 scrolls of identify {unknown}
 k - a scroll of fear {unknown}
 n - a scroll of acquirement {unknown}
 p - a scroll of noise {unknown}
Potions
 d - 4 potions of might
 g - a potion of curing {unknown}
 i - a potion of ambrosia
 j - 2 potions of brilliance {unknown}
 q - a potion of haste {unknown}


   Skills:
 + Level 4.7 Fighting
 + Level 5.3 Axes
 + Level 4.1 Armour
 + Level 0.7 Dodging
 + Level 1.2 Stealth
 + Level 3.8 Shields


You had 5 spell levels left.
You didn't know any spells.
Your spell library contained the following spells:

 Spells                   Type           Power      Damage    Failure   Level
 Apportation              Tloc           0%         N/A       80%         1
 Necrotise                Necr           0%         1d4       80%         1
 Sting                    Conj/Alch      0%         1d3       80%         1
 Summon Small Mammal      Summ           0%         N/A       80%         1
 Call Imp                 Summ           0%         N/A       91%         2
 Sublimation of Blood     Necr           0%         N/A       91%         2
 Volatile Blastmotes      Fire/Tloc      0%         2d10      99%         3
 Fulminant Prism          Conj/Alch      0%         3d5       100%        4
 Ignite Poison            Fire/Alch      0%         N/A       100%        4
 Iskenderun's Mystic Bla  Conj/Tloc      0%         2d3       100%        4
 Sticky Flame             Fire/Alch      0%         2d4       100%        4
 Summon Hydra             Summ           0%         N/A       100%        7
 Ignition                 Fire           0%         3d3       100%        8


Dungeon Overview and Level Annotations

Branches:
Dungeon (4/15)
 Temple: D:4-7

Altars:
Gozag
Makhleb
Qazlal


Message History

* * * LOW HITPOINT WARNING * * *
You miss something. Something hits you.
* * * LOW HITPOINT WARNING * * *
Something shocks you.
* * * LOW HITPOINT WARNING * * *
It was a potion of ambrosia.
You are confused.
You feel invigorated. Something hits you but does no damage.
Something hits you.
* * * LOW HITPOINT WARNING * * *
Something shocks you.
* * * LOW HITPOINT WARNING * * *
Something hits you but does no damage.
Things that are here:
a ball python corpse; a giant cockroach corpse A sky beast appears from thin air!
Reactivating autopickup.
The sky beast hits you.
* * * LOW HITPOINT WARNING * * *
The sky beast shocks you.
* * * LOW HITPOINT WARNING * * *
The sky beast hits you but does no damage.
You miss the sky beast.
The sky beast is severely wounded.
You feel less invigorated.
You feel less confused.
The sky beast hits you but does no damage.
The sky beast hits you.
* * * LOW HITPOINT WARNING * * *
The sky beast shocks you.
* * * LOW HITPOINT WARNING * * *
You closely miss the sky beast.
The sky beast is severely wounded.
The sky beast hits you but does no damage.
You closely miss the sky beast.
The sky beast is severely wounded.
The sky beast hits you.
* * * LOW HITPOINT WARNING * * *
The sky beast shocks you.
You die...

###..........
#..<.##....
##...#.....
##........
#..#.#.##.
#.##.....
###.........
####..........#
###...@Y†........
............#..#..
.#.#.......###.#
#...#.....## .#
.....#..... .
.._.........
.....#.......
#...#.........
.#...........


You could see a sky beast.

Vanquished Creatures
  Natasha (thrice) (D:3)
  A gnoll (D:1)
  6 adders
  A ribbon worm (D:2)
  2 dart slugs (D:3)
  6 endoplasms
  7 giant cockroaches
  8 goblins
  6 hobgoblins
  6 jackals (D:3)
  4 quokkas
  8 ball pythons
  11 bats
  6 frilled lizards
  5 kobolds
  5 rats
85 creatures vanquished.

Notes
Turn   | Place    | Note
-------+----------+-------------------------------------------
     0 | D:1      | Marvel the Hill Orc Fighter began the quest for the Orb.
     0 | D:1      | Reached XP level 1. HP: 19/19 MP: 1/1
   141 | D:1      | Reached XP level 2. HP: 27/27 MP: 2/2
   479 | D:1      | Reached skill level 3 in Axes
   479 | D:1      | Reached XP level 3. HP: 23/33 MP: 3/3
  1039 | D:2      | Reached XP level 4. HP: 40/41 MP: 4/4
  2160 | D:3      | Reached skill level 4 in Axes
  2196 | D:3      | Reached skill level 1 in Stealth
  2336 | D:3      | Reached XP level 5. HP: 47/47 MP: 5/5
  2491 | D:3      | Noticed Natasha
  2495 | D:3      | Killed Natasha
  2579 | D:3      | Noticed Natasha
  2584 | D:3      | Killed Natasha
  2639 | D:3      | Found a burning altar of Makhleb.
  2774 | D:3      | Noticed Natasha
  2792 | D:3      | Killed Natasha
  2793 | D:3      | Reached skill level 5 in Axes
  2883 | D:3      | Found an opulent altar of Gozag.
  3130 | D:3      | Reached XP level 6. HP: 53/53 MP: 6/6
  3223 | D:4      | Found a stormy altar of Qazlal.
  3223 | D:4      | Noticed a sky beast
  3245 | D:4      | HP: 2/53 [something (6)]
  3253 | D:4      | Slain by a sky beast

Illustrated notes

Levels and vault maps discovered:
D:1:      dpeg_arrival_round_a, layout_loops_ring
D:2:      layout_basic, minmay_crystal_water, nicolae_figureground_pulse
D:3:      layout_loops_corners, bloody_makhleb,
          mainiacjoe_overflow_surrounded_room, uniq_natasha
D:4:      layout_cave_pools, nicolae_qazlal_beasts_of_the_sky,
          lemuel_zombie_altar_yredelemnul, marbit_many_paths, serial_shops,
          shop, portal_sewer_entry_f

Skill      XL: |  1  2  3  4  5 |
---------------+----------------+-----
Fighting       | 4 |  4.7
Axes           | 3 4 5 |  5.3
Stealth        | 1 |  1.2
Armour         | 4 |  4.1
Dodging        | |  0.7
Shields        | |  3.8

Action                     |  1- 3 |  4- 6 || total
---------------------------+-------+-------++-------
  Melee: War axe           |    99 |   166 ||   265
    Use: Potion            |       |     1 ||     1
   Stab: Sleeping          |       |     2 ||     2
         Distracted        |       |     1 ||     1
 Armour: Scale mail        |   108 |   125 ||   233
  Dodge: Dodged            |    74 |    82 ||   156
  Block: Buckler           |    28 |    38 ||    66
